 Dungeon Crawl Stone Soup version 0.21-a0-207-g4a9efaf (webtiles) character file.

4753 aurelian the Martial Artist (level 10, -9/65 HPs)
             Began as an Octopode Transmuter on Aug 20, 2017.
             Was a Priest of Ru.
             Mangled by a two-headed ogre
             ... wielding a +0 giant club
              (31 damage)
             ... on level 7 of the Dungeon.
             The game lasted 00:30:40 (11356 turns).

aurelian the Martial Artist (Octopode Transmuter)  Turns: 11356, Time: 00:30:40

Health: -9/65      AC:  1    Str: 10    XL:     10   Next: 46%
Magic:  13/13      EV: 16    Int: 18    God:    Ru [***...]
Gold:   267        SH:  0    Dex: 16    Spells: 3/13 levels left

rFire    . . .     SeeInvis .     - Unarmed
rCold    . . .     Gourm    .   (helmet restricted)
rNeg     . . .     Faith    .   (no amulet)
rPois    +         Spirit   .   m - ring of flight
rElec    .         Reflect  .   G - ring of poison resistance
rCorr    .         Harm     .   k - +3 ring of dexterity (curse)
MR       .....                  (no ring)
Stlth    +++++.....             (no ring)
HPRegen  0.20/turn              (no ring)
MPRegen  0.13/turn              (no ring)

@: no status effects
A: almost no armour, stealthy swim, amphibious, 7 rings, constrict 7, camouflage
1, gelatinous body 1, missing a hand
a: Draw Out Power, Renounce Religion, Evoke Flight


You were on level 7 of the Dungeon.
You worshipped Ru.
Ru was most pleased with you.
You were not hungry.

You visited 2 branches of the dungeon, and saw 9 of its levels.

You collected 267 gold pieces.

Inventory:

Hand Weapons
 f - a +5 dagger of holy wrath
Missiles
 a - 104 arrows
 h - 226 stones (quivered)
 p - 56 sling bullets
Jewellery
 k - a cursed +3 ring of dexterity (on tentacle)
 m - a ring of flight (left tentacle)
 y - an uncursed amulet of guardian spirit
 G - a ring of poison resistance (right tentacle)
Wands
 v - a wand of iceblast (4/15)
 w - a wand of lightning (7/15)
 z - a wand of random effects (33/48)
 C - a wand of flame (19/48)
Scrolls
 i - 3 scrolls of identify
 l - 4 scrolls of remove curse
 q - a scroll of fog
 r - a scroll of immolation {unknown}
 t - a scroll of amnesia
 u - a scroll of random uselessness {unknown}
Potions
 d - a potion of brilliance
 e - a potion of curing
 o - a potion of cancellation {unknown}
 s - a potion of haste {unknown}
 x - 2 potions of lignification {unknown}
 A - a potion of flight {unknown}
 B - a potion of berserk rage {unknown}
 D - 3 potions of agility {unknown}
 F - a potion of invisibility {unknown}
Books
 b - a book of Changes

   Spells                             Type                      Level
   a - Beastly Appendage              Transmutation                1
   b - Sticks to Snakes               Transmutation                2
   c - Spider Form                    Transmutation/Poison         3
   d - Ice Form                       Ice/Transmutation            4
   e - Blade Hands                    Transmutation                5
 j - a book of Cantrips

   Spells                             Type                      Level
   a - Confusing Touch                Hexes                        1
   b - Animate Skeleton               Necromancy                   1
   c - Summon Small Mammal            Summoning                    1
   d - Apportation                    Translocation                1
Comestibles
 c - 10 bread rations
 n - 5 meat rations


   Skills:
 + Level 4.5 Fighting
 + Level 5.1 Dodging
 + Level 6.9 Stealth
 * Level 8.4 Unarmed Combat
 + Level 2.4 Spellcasting
 * Level 8.4 Transmutations
 + Level 4.2 Ice Magic
 - Level 3.2 Poison Magic


You had 3 spell levels left.
You knew the following spells:

 Your Spells              Type           Power        Failure   Level  Hunger
a - Beastly Appendage     Tmut           ####..       1%          1    #......
b - Sticks to Snakes      Tmut           ####....     1%          2    ##.....
c - Spider Form           Tmut/Pois      ###.......   4%          3    ###....
d - Ice Form              Ice/Tmut       ###.....     13%         4    #####..


Dungeon Overview and Level Annotations

Branches:
Dungeon (8/15)             Temple (1/1) D:5
   Lair: D:8-11

Altars:
Ashenzari
Cheibriados
Dithmenos
Elyvilon
Fedhas
Gozag
Hepliaklqana
Kikubaaqudgha
Makhleb
Nemelex Xobeh
Okawaru
Qazlal
Ru
Sif Muna
Trog
Uskayaw
Vehumet
Wu Jian
Xom
Yredelemnul
Zin
The Shining One


Innate Abilities, Weirdness & Mutations

You cannot wear most types of armour.
You are very stealthy in the water. (Stealth+)
You are amphibious.
You can wear up to seven rings at the same time.
You can use your tentacles to constrict seven enemies at once.
Your skin changes colour to match your surroundings (Stealth+).
Your rubbery body absorbs attacks. (AC +1, EV +1)
You are missing a hand.


Message History

You kill the giant cockroach!
You see here a giant cockroach corpse.
You butcher the giant cockroach corpse.
g - a chunk of flesh You start resting.
Eating a chunk of flesh.
You eat the chunk of flesh.
This raw flesh tastes terrible.
Magic restored.
You start resting.
Your transformation is almost over.
You start resting.
Your transformation has ended.
You start resting.
HP restored.
There is a stone staircase leading down here.
You climb downwards.
The two-headed ogre hits you with a giant club!
The two-headed ogre hits you with a giant club!!
The two-headed ogre hits you with a giant club.
The two-headed ogre hits you with a giant club!!
You die...

##############.##########.#
...................>...##.####
##.#.....#####.#..####.##.#..#
##.#.###...[........##.##.#..#
...#.###..####.#..#.##....#..#
#.........# #.#..#.#######..#
..........# #.#.............#
##.#.#########.##.#.#.#####.##
...............O@.....#.....#
##..##########.#.[.....#[.#.#
#....########+#..#.#..#..###
##.##.##...............#..#
.#.##.##...............#..#####
.#..#.##......................#
.##.#.....####'#.#.....##.##.##
...[......####.............).#
#.##)#.............#......#..#


You could see a two-headed ogre.

Vanquished Creatures
  A two-headed ogre (D:7)
  A troll (D:5)
  Grinder (D:6)
  Prince Ribbit (D:6)
  Sigmund (D:5)
  A spriggan (D:7)
  Eustachio (D:6)
  Edmund (D:6)
  Duvessa (D:6)
  A sky beast (D:7)
  An ice beast (D:5)
  4 orc warriors
  A phantom (D:6)
  A black bear (D:8)
  An ogre (D:7)
  A necrophage (D:6)
  3 centaurs
  Blork the orc (D:4)
  3 bullfrogs
  Dowan (D:6)
  5 wights (D:6)
  A howler monkey (D:5)
  2 crimson imps
  A bullfrog zombie (D:5)
  A centaur zombie (D:4)
  2 hounds
  Crazy Yiuf (D:4)
  An orc priest (D:5)
  3 jellies
  A bullfrog skeleton (D:7)
  2 orc wizards (D:6)
  5 iguanas
  4 worker ants
  2 hound skeletons (D:7)
  2 worker ant zombies
  Robin (D:3)
  10 adders
  3 gnolls (D:4)
  4 shadow imps
  2 oozes
  An adder zombie (D:7)
  2 adder skeletons
  A dart slug (D:1)
  5 leopard geckos
  25 orcs
  9 bats
  3 giant cockroaches
  13 goblins
  10 hobgoblins
  4 jackals (D:1)
  2 quokkas
  A ball python (D:3)
  8 frilled lizards
  A goblin skeleton (D:4)
  A goblin zombie (D:4)
  A hobgoblin zombie (D:4)
  8 kobolds
  2 kobold zombies (D:4)
  A leopard gecko skeleton (D:5)
  5 rats
183 creatures vanquished.

Vanquished Creatures (collateral kills)
  An ogre (D:5)
  A phantom (D:4)
  A jelly (D:5)
  An adder (D:2)
  A shadow imp (D:5)
  An orc (D:5)
  A goblin zombie (D:4)
  2 hobgoblin zombies (D:4)
  An orc skeleton (D:4)
10 creatures vanquished.

Vanquished Creatures (others)
  A phantom (D:7)
1 creature vanquished.

Grand Total: 194 creatures vanquished

Notes
Turn   | Place    | Note
-------+----------+-------------------------------------------
     0 | D:1      | aurelian the Octopode Transmuter began the quest for the Orb.
     0 | D:1      | Reached XP level 1. HP: 13/13 MP: 3/3
   324 | D:1      | Reached XP level 2. HP: 16/18 MP: 3/5
   898 | D:1      | Reached XP level 3. HP: 23/23 MP: 4/6
   902 | D:1      | Learned a level 2 spell: Sticks to Snakes
   906 | D:1      | Learned a level 3 spell: Spider Form
   957 | D:2      | Found a sparkling altar of Nemelex Xobeh.
  1318 | D:2      | Found a white marble altar of Elyvilon.
  1324 | D:2      | Found a hazy altar of Hepliaklqana.
  1324 | D:2      | Found a deep blue altar of Sif Muna.
  1649 | D:2      | Reached XP level 4. HP: 28/28 MP: 3/7
  1699 | D:2      | Found a snail-covered altar of Cheibriados.
  1760 | D:3      | Noticed Robin
  1765 | D:3      | Reached skill level 1 in Poison Magic
  1783 | D:3      | Killed Robin
  1967 | D:3      | Found an ornate altar of the Wu Jian Council.
  2381 | D:3      | Reached XP level 5. HP: 29/33 MP: 2/8
  2523 | D:3      | Found a shattered altar of Ashenzari.
  2752 | D:4      | Found a glowing golden altar of the Shining One.
  2975 | D:4      | Noticed a phantom
  3315 | D:4      | Noticed Blork the orc
  3327 | D:4      | Killed Blork the orc
  3327 | D:4      | Reached XP level 6. HP: 21/38 MP: 2/9
  3507 | D:4      | Found a runed door.
  3514 | D:4      | Noticed Crazy Yiuf
  3530 | D:4      | Killed Crazy Yiuf
  3826 | D:4      | Noticed a phantom
  3856 | D:4      | Killed a phantom
  3856 | D:4      | Reached skill level 1 in Stealth
  4340 | D:4      | Reached skill level 5 in Unarmed Combat
  4454 | D:4      | Reached XP level 7. HP: 44/44 MP: 7/10
  4531 | D:5      | Entered Level 5 of the Dungeon
  4698 | D:5      | Reached skill level 5 in Transmutations
  4923 | D:5      | Noticed Sigmund
  4961 | D:5      | Found a staircase to the Ecumenical Temple.
  4971 | Temple   | Entered the Ecumenical Temple
  5064 | Temple   | Became a worshipper of Ru the Awakened
  5506 | D:5      | Found a sparkling altar of Nemelex Xobeh.
  5561 | D:5      | Reached XP level 8. HP: 11/51 MP: 11/11
  5871 | D:5      | Learned a level 4 spell: Ice Form
  6093 | D:5      | Found a hide-covered altar of Uskayaw.
  6396 | D:5      | Killed Sigmund
  6396 | D:5      | Reached skill level 1 in Ice Magic
  7161 | D:5      | Noticed a troll
  7355 | D:5      | Killed a troll
  7707 | D:6      | Reached XP level 9. HP: 31/57 MP: 10/12
  7908 | D:6      | Reached skill level 5 in Stealth
  8262 | D:6      | Noticed Edmund
  8274 | D:6      | Killed Edmund
  8302 | D:6      | Noticed Eustachio
  8323 | D:6      | Killed Eustachio
  8432 | D:6      | Noticed Duvessa
  8437 | D:6      | Noticed Grinder
  8438 | D:6      | Noticed Dowan
  8439 | D:6      | Noticed Prince Ribbit
  8459 | D:6      | Paralysed by Grinder for 2 turns
  8469 | D:6      | Killed Grinder
  8508 | D:6      | Gained mutation: You are missing a hand. [Ru sacrifice]
  8508 | D:6      | Reached * piety under Ru
  8508 | D:6      | Reached ** piety under Ru
  8508 | D:6      | Reached *** piety under Ru
  8551 | D:6      | Killed Duvessa
  8556 | D:6      | Killed Dowan
  8560 | D:6      | Killed Prince Ribbit
  9301 | D:7      | Reached XP level 10. HP: 52/63 MP: 9/13
  9926 | D:7      | Noticed a two-headed ogre
  9944 | D:7      | Killed a two-headed ogre
 10070 | D:7      | Reached skill level 5 in Dodging
 10954 | D:8      | Noticed a two-headed ogre
 11037 | D:7      | HP: 2/65 [two-headed ogre/giant club (21)]
 11356 | D:7      | Mangled by a two-headed ogre

Vault maps used:
D:1:      saegor_arrival_simple_b, hangedman_glass_teeth
D:2:      lemuel_coloured_pillars_altar, lemuel_crystal_altar,
          grunt_temple_overflow_open, first_bread
D:3:      lemuel_doored_altar, evilmike_ruin_ashenzari, uniq_robin
D:4:      nicolae_tso_besieged_by_evil, uniq_crazy_yiuf_cottage,
          uniq_blork_the_orc
D:5:      nicolae_overflow_crystal_walls, minmay_temple_entry_trees,
          grunt_decor_arrowhead, dk_noncrumbling_2, nemelex_spade_bored_becter,
          uniq_sigmund
D:6:      uniq_edmund, uniq_duvessa, uniq_grinder, uniq_eustachio,
          uniq_prince_ribbit1
D:7:      the_bakery
D:8:      minmay_guarded_unrand_variability, uniq_grum
Temple:   jpeg_temple_clearing

Skill      XL: |  1  2  3  4  5  6  7  8  9 10 |
---------------+-------------------------------+-----
Transmutations | 3 4 5 6 7 8 |  8.4
Unarmed Combat | 4 5 6 7 8 |  8.4
Poison Magic   | 2 3 |  3.2
Stealth        | 1 3 4 6 |  6.9
Fighting       | 2 3 4 |  4.5
Dodging        | 3 4 5 |  5.1
Ice Magic      | 2 3 4 |  4.2
Spellcasting   | |  2.4

Action                   |  1- 3 |  4- 6 |  7- 9 | 10-12 || total
-------------------------+-------+-------+-------+-------++-------
Melee: Unarmed           |    68 |   159 |   290 |    93 ||   610
       Constrict         |    17 |     5 |     4 |       ||    26
       Kick              |    11 |     7 |       |       ||    18
       Tentacles         |     7 |     5 |     1 |       ||    13
       Punch             |       |     2 |     2 |       ||     4
Throw: Stone             |     2 |     5 |       |       ||     7
 Cast: Beastly Appendage |    21 |     6 |       |       ||    27
       Spider Form       |     4 |    27 |    50 |    19 ||   100
       Sticks to Snakes  |     2 |     9 |     7 |     2 ||    20
       Ice Form          |       |       |     1 |       ||     1
Invok: Sacrifice a Hand  |       |       |     1 |       ||     1
       Draw Out Power    |       |       |       |     1 ||     1
  Use: Potion            |     1 |     2 |     7 |       ||    10
       Scroll            |       |     7 |     4 |     1 ||    12
 Stab: Sleeping          |     4 |       |     3 |     2 ||     9
       Distracted        |       |     1 |     1 |     1 ||     3
       Invisible         |       |       |       |     1 ||     1
  Eat: Chunk             |     3 |     8 |    12 |     6 ||    29
       Royal jelly       |       |     1 |       |       ||     1
       Bread ration      |       |     1 |     1 |       ||     2
       Fruit             |       |       |     3 |       ||     3
       Meat ration       |       |       |     1 |       ||     1
Armor: Skin              |     9 |    10 |     8 |     2 ||    29
Dodge: Dodged            |    54 |   129 |   204 |    54 ||   441
